[ AOE2 MATCH · #480004844 ]
UnrankedRomans vs Gurjaras
[ REPLAY ANALYSIS · EXTRACTED FROM THE RECORDED GAME ]
Feudal
12:14
Castle
16:34
Imperial
59:43
| APM avg | 39.7 |
| APM peak | 81 |
| eAPM avg | 23.7 |
| Villagers / military | 211 / 93 |
Focus
⚔️ 26.3% · 🌾 73.7%
Militia ×43 · Spearman ×25 · Mangonel ×11 · Battering Ram ×9 · Trebuchet (Packed) ×3 · Centurion ×2
Feudal
10:38
Castle
15:01
Imperial
47:27
| APM avg | 43.7 |
| APM peak | 84 |
| eAPM avg | 22.6 |
| Villagers / military | 148 / 221 |
Focus
⚔️ 30.1% · 🌾 69.9%
Shrivamsha Rider ×177 · Camel Scout ×20 · Chakram Thrower ×18 · Trade Cart ×7 · Trebuchet (Packed) ×3 · Armored Elephant ×2
Feudal
12:56
Castle
17:15
Imperial
24:59
| APM avg | 31.9 |
| APM peak | 66 |
| eAPM avg | 14.6 |
| Villagers / military | 121 / 133 |
Focus
⚔️ 38.1% · 🌾 61.9%
Hand Cannoneer ×79 · Bombard Cannon ×36 · Monk ×4 · Skirmisher ×4 · Scout Cavalry ×3 · Mangonel ×2
Feudal
12:11
Castle
15:45
Imperial
35:56
| APM avg | 50.3 |
| APM peak | 111 |
| eAPM avg | 29.2 |
| Villagers / military | 220 / 477 |
Focus
⚔️ 48.2% · 🌾 51.8%
Longbowman ×167 · Spearman ×161 · Scout Cavalry ×74 · Skirmisher ×41 · Mangonel ×14 · Archer ×10
Feudal
12:00
Castle
15:36
Imperial
33:00
| APM avg | 26.1 |
| APM peak | 79 |
| eAPM avg | 14.1 |
| Villagers / military | 133 / 355 |
Focus
⚔️ 37.5% · 🌾 62.5%
Skirmisher ×164 · Organ Gun ×99 · Bombard Cannon ×41 · Petard ×31 · Spearman ×15 · Hand Cannoneer ×5
Feudal
13:09
Castle
17:04
Imperial
56:39
| APM avg | 37.4 |
| APM peak | 110 |
| eAPM avg | 10.2 |
| Villagers / military | 70 / 183 |
Focus
⚔️ 23.7% · 🌾 76.3%
Scout Cavalry ×102 · Mameluke ×81
Match map
Initial resources + every placement click. Lines = walls · curves = elevation contours. ◆ gold · ⬟ stone · ● berries · ✦ relic · ◌ wall gap
Your base· ✓ Closed at 16:34 · 0t walls · 3 gate(s)
NewMaxico's base· ✓ Closed at 15:01 · 0t walls · 2 gate(s)
Dragon's base· ✓ Closed at 17:15 · 11t walls · 4 gate(s)
JayJotaOfficial's base· ✓ Closed at 15:45 · 0t walls · 2 gate(s)
Lokomotive Leipzig's base· ✓ Closed at 15:36 · 4t walls · 2 gate(s)
SEOANE's base· ✓ Closed at 17:04 · 0t walls · 2 gate(s)
Smoothed initial terrain · ◌ = detected wall gap · hover for details
Inputs per minute
— Kcola - - NewMaxico
Build order — Kcola
First 150 of 496 actions detected
| 0:00 | Create | Villager (Male) |
| 0:00 | Create | Villager (Male) |
| 0:02 | Build | House |
| 0:04 | Build | House |
| 0:08 | Build | House |
| 0:22 | Create | Villager (Male) |
| 0:22 | Create | Villager (Male) |
| 1:23 | Create | Villager (Male) |
| 1:49 | Create | Villager (Male) |
| 2:21 | Build | Lumber Camp |
| 2:23 | Create | Villager (Male) |
| 2:45 | Create | Villager (Male) |
| 2:45 | Create | Villager (Male) |
| 3:22 | Create | Villager (Male) |
| 3:55 | Create | Villager (Male) |
| 4:14 | Build | House |
| 4:39 | Create | Villager (Male) |
| 4:39 | Create | Villager (Male) |
| 4:43 | Build | Mill |
| 4:45 | Create | Villager (Male) |
| 5:44 | Create | Villager (Male) |
| 5:44 | Create | Villager (Male) |
| 5:46 | Build | House |
| 5:48 | Build | House |
| 5:54 | Create | Villager (Male) |
| 6:06 | Build | Mill |
| 6:49 | Create | Villager (Male) |
| 6:50 | Create | Villager (Male) |
| 7:09 | Create | Villager (Male) |
| 7:13 | Create | Villager (Male) |
| 7:25 | Create | Villager (Male) |
| 7:30 | Create | Villager (Male) |
| 7:30 | Create | Villager (Male) |
| 7:44 | Create | Villager (Male) |
| 7:59 | Create | Villager (Male) |
| 8:04 | Create | Villager (Male) |
| 8:05 | Create | Villager (Male) |
| 8:19 | Create | Villager (Male) |
| 8:53 | Build | House |
| 8:54 | Build | House |
| 9:25 | Build | Farm |
| 9:25 | Build | Farm |
| 9:25 | Build | Farm |
| 9:42 | Build | Farm |
| 9:52 | Research | Feudal Age |
| 10:03 | Build | Mining Camp |
| 10:13 | Build | Farm |
| 12:01 | Create | Villager (Male) |
| 12:01 | Create | Villager (Male) |
| 12:14 | Age | Feudal Age |
| 12:16 | Build | Blacksmith |
| 12:18 | Research | Double-Bit Axe |
| 12:19 | Research | Horse Collar |
| 12:48 | Build | Market |
| 13:04 | Create | Villager (Male) |
| 13:12 | Create | Villager (Male) |
| 13:29 | Research | Gold Mining |
| 13:38 | Research | Castle Age |
| 13:44 | Build | Barracks |
| 14:26 | Build | Barracks |
| 14:27 | Create | Militia |
| 14:27 | Create | Militia |
| 14:27 | Create | Militia |
| 14:29 | Create | Villager (Male) |
| 14:36 | Build | Farm |
| 14:36 | Build | Farm |
| 14:37 | Build | Farm |
| 14:50 | Create | Militia |
| 15:04 | Create | Militia |
| 15:04 | Create | Militia |
| 15:04 | Create | Militia |
| 15:05 | Create | Militia |
| 15:29 | Create | Militia |
| 15:30 | Create | Militia |
| 15:35 | Build | House |
| 15:36 | Build | House |
| 15:50 | Create | Militia |
| 16:06 | Create | Militia |
| 16:12 | Build | House |
| 16:16 | Build | House |
| 16:19 | Create | Militia |
| 16:19 | Create | Militia |
| 16:34 | Age | Castle Age |
| 16:37 | Build | Siege Workshop |
| 16:50 | Build | Siege Workshop |
| 16:59 | Create | Militia |
| 17:00 | Create | Militia |
| 17:00 | Create | Militia |
| 17:09 | Create | Battering Ram |
| 17:10 | Create | Battering Ram |
| 17:11 | Create | Battering Ram |
| 17:16 | Build | House |
| 17:26 | Create | Battering Ram |
| 17:36 | Build | Farm |
| 17:58 | Create | Militia |
| 17:58 | Create | Militia |
| 17:58 | Create | Militia |
| 18:08 | Create | Battering Ram |
| 18:26 | Create | Militia |
| 19:07 | Create | Battering Ram |
| 19:11 | Create | Militia |
| 19:11 | Create | Militia |
| 19:12 | Create | Militia |
| 19:18 | Create | Mangonel |
| 19:34 | Research | Man-at-Arms (upgrade) |
| 19:41 | Build | Farm |
| 20:44 | Research | Long Swordsman (upgrade) |
| 20:54 | Research | Scale Mail Armor |
| 21:12 | Create | Villager (Male) |
| 21:29 | Create | Militia |
| 21:43 | Create | Villager (Male) |
| 22:25 | Research | Forging |
| 22:42 | Create | Mangonel |
| 22:44 | Create | Mangonel |
| 22:46 | Build | Farm |
| 22:47 | Build | Farm |
| 23:15 | Create | Villager (Male) |
| 24:54 | Create | Villager (Male) |
| 24:56 | Create | Villager (Male) |
| 25:02 | Create | Villager (Male) |
| 25:05 | Create | Villager (Male) |
| 25:07 | Create | Militia |
| 25:07 | Create | Militia |
| 25:07 | Create | Militia |
| 25:07 | Create | Militia |
| 25:08 | Create | Militia |
| 25:16 | Build | Farm |
| 25:26 | Build | Town Center |
| 25:26 | Create | Villager (Male) |
| 25:40 | Build | Farm |
| 25:56 | Create | Battering Ram |
| 25:56 | Create | Battering Ram |
| 25:58 | Create | Militia |
| 25:58 | Create | Militia |
| 26:03 | Build | Farm |
| 26:05 | Build | Farm |
| 26:05 | Build | Farm |
| 26:05 | Build | Farm |
| 26:06 | Build | Farm |
| 26:06 | Build | Farm |
| 26:16 | Research | Wheelbarrow |
| 26:16 | Research | Wheelbarrow |
| 26:40 | Create | Villager (Male) |
| 26:46 | Build | Farm |
| 26:51 | Build | Farm |
| 26:53 | Create | Villager (Male) |
| 27:02 | Create | Militia |
| 27:16 | Create | Villager (Male) |
| 27:26 | Create | Mangonel |
| 27:38 | Create | Militia |
Build order — NewMaxico
First 150 of 500 actions detected
| 0:01 | Create | Villager (Male) |
| 0:01 | Create | Villager (Male) |
| 0:01 | Create | Villager (Male) |
| 0:02 | Build | House |
| 0:04 | Build | House |
| 0:45 | Build | Mill |
| 0:54 | Create | Villager (Male) |
| 0:54 | Create | Villager (Male) |
| 1:39 | Create | Villager (Male) |
| 2:09 | Create | Villager (Male) |
| 2:22 | Build | House |
| 2:30 | Create | Villager (Male) |
| 3:03 | Create | Villager (Male) |
| 3:03 | Create | Villager (Male) |
| 3:03 | Create | Villager (Male) |
| 3:55 | Create | Villager (Male) |
| 4:25 | Create | Villager (Male) |
| 4:38 | Create | Villager (Male) |
| 5:09 | Create | Villager (Male) |
| 5:23 | Build | Lumber Camp |
| 5:35 | Create | Villager (Male) |
| 5:36 | Create | Villager (Male) |
| 5:36 | Create | Villager (Male) |
| 5:52 | Create | Villager (Male) |
| 6:20 | Build | House |
| 6:48 | Build | House |
| 7:34 | Create | Villager (Male) |
| 7:34 | Create | Villager (Male) |
| 7:35 | Research | Feudal Age |
| 7:41 | Build | Mill |
| 8:34 | Build | Mining Camp |
| 9:13 | Create | Villager (Male) |
| 9:14 | Create | Villager (Male) |
| 10:38 | Age | Feudal Age |
| 10:45 | Build | Market |
| 10:54 | Create | Villager (Male) |
| 11:27 | Build | Blacksmith |
| 11:50 | Build | House |
| 11:56 | Create | Villager (Male) |
| 12:03 | Build | Farm |
| 12:11 | Research | Castle Age |
| 12:11 | Research | Castle Age |
| 12:27 | Build | Barracks |
| 12:33 | Research | Double-Bit Axe |
| 12:48 | Create | Villager (Male) |
| 12:48 | Create | Villager (Male) |
| 12:53 | Research | Horse Collar |
| 12:59 | Build | Farm |
| 13:14 | Build | House |
| 13:20 | Build | House |
| 13:26 | Build | Farm |
| 13:30 | Build | Farm |
| 13:46 | Build | Farm |
| 14:06 | Build | Farm |
| 14:32 | Research | Scale Barding Armor |
| 14:42 | Build | Lumber Camp |
| 15:01 | Age | Castle Age |
| 15:16 | Create | Villager (Male) |
| 15:25 | Build | Stable |
| 15:32 | Research | Loom |
| 15:33 | Create | Villager (Male) |
| 15:45 | Build | Farm |
| 15:48 | Create | Villager (Male) |
| 15:52 | Research | Bow Saw |
| 15:53 | Research | Bow Saw |
| 16:04 | Build | Farm |
| 16:50 | Research | Gold Mining |
| 16:51 | Create | Villager (Male) |
| 16:57 | Build | Farm |
| 17:17 | Build | Siege Workshop |
| 17:19 | Create | Villager (Male) |
| 17:23 | Build | House |
| 17:25 | Create | Shrivamsha Rider |
| 17:26 | Research | Bloodlines |
| 17:27 | Research | Husbandry |
| 17:28 | Create | Shrivamsha Rider |
| 17:28 | Create | Shrivamsha Rider |
| 17:37 | Build | Farm |
| 17:42 | Build | House |
| 17:48 | Create | Villager (Male) |
| 17:48 | Create | Villager (Male) |
| 17:55 | Build | Farm |
| 17:59 | Build | Farm |
| 18:15 | Create | Villager (Male) |
| 18:40 | Create | Shrivamsha Rider |
| 18:47 | Build | Farm |
| 18:50 | Build | Farm |
| 18:52 | Create | Villager (Male) |
| 19:03 | Create | Shrivamsha Rider |
| 19:17 | Build | House |
| 19:18 | Build | House |
| 19:20 | Create | Villager (Male) |
| 19:20 | Create | Villager (Male) |
| 19:25 | Build | Farm |
| 19:31 | Build | Farm |
| 19:31 | Build | Farm |
| 19:31 | Build | Farm |
| 19:31 | Build | Farm |
| 19:31 | Build | Farm |
| 19:34 | Build | Farm |
| 20:39 | Create | Villager (Male) |
| 20:39 | Create | Villager (Male) |
| 20:41 | Create | Shrivamsha Rider |
| 21:02 | Create | Villager (Male) |
| 21:04 | Create | Shrivamsha Rider |
| 21:04 | Create | Shrivamsha Rider |
| 21:28 | Create | Shrivamsha Rider |
| 21:29 | Create | Shrivamsha Rider |
| 21:32 | Create | Armored Elephant |
| 21:34 | Create | Villager (Male) |
| 21:40 | Build | Farm |
| 21:47 | Build | Farm |
| 21:47 | Build | Farm |
| 21:47 | Build | Farm |
| 21:48 | Build | Farm |
| 21:51 | Research | Heavy Plow |
| 21:55 | Create | Shrivamsha Rider |
| 21:59 | Build | House |
| 22:01 | Build | House |
| 22:17 | Build | Farm |
| 22:52 | Create | Camel Scout |
| 22:52 | Create | Camel Scout |
| 22:53 | Create | Camel Scout |
| 22:53 | Create | Camel Scout |
| 23:45 | Create | Camel Scout |
| 24:00 | Build | Farm |
| 24:02 | Build | Farm |
| 24:10 | Build | Town Center |
| 24:31 | Create | Shrivamsha Rider |
| 25:03 | Create | Camel Scout |
| 25:03 | Create | Camel Scout |
| 25:09 | Create | Villager (Male) |
| 25:09 | Create | Villager (Male) |
| 25:18 | Build | Gate |
| 25:24 | Build | Mill |
| 25:27 | Build | Stone Wall |
| 25:39 | Create | Villager (Male) |
| 26:02 | Create | Villager (Male) |
| 26:03 | Create | Camel Scout |
| 26:11 | Research | Wheelbarrow |
| 26:30 | Build | House |
| 26:43 | Create | Shrivamsha Rider |
| 26:46 | Create | Villager (Male) |
| 27:03 | Build | House |
| 27:34 | Build | Mining Camp |
| 27:38 | Create | Shrivamsha Rider |
| 27:49 | Build | House |
| 27:50 | Build | House |
| 27:58 | Build | Stable |
| 28:16 | Create | Shrivamsha Rider |
Build order — Dragon
First 150 of 361 actions detected
| 0:02 | Create | Villager (Male) |
| 0:02 | Create | Villager (Male) |
| 0:03 | Build | House |
| 0:04 | Build | House |
| 0:07 | Build | House |
| 0:08 | Create | Villager (Male) |
| 0:08 | Create | Villager (Male) |
| 1:20 | Build | Lumber Camp |
| 1:41 | Create | Villager (Male) |
| 2:00 | Create | Villager (Male) |
| 2:34 | Create | Villager (Male) |
| 3:04 | Create | Villager (Male) |
| 3:05 | Create | Villager (Male) |
| 3:44 | Create | Villager (Male) |
| 4:20 | Research | Loom |
| 4:20 | Create | Villager (Male) |
| 4:32 | Create | Villager (Male) |
| 4:49 | Build | Palisade Gate |
| 4:54 | Build | Mill |
| 5:04 | Build | Palisade Wall |
| 5:07 | Build | Palisade Wall |
| 5:09 | Build | Palisade Wall |
| 5:11 | Build | Palisade Wall |
| 5:16 | Build | Palisade Wall |
| 5:17 | Build | Palisade Wall |
| 5:18 | Build | Palisade Wall |
| 5:20 | Create | Villager (Male) |
| 5:20 | Create | Villager (Male) |
| 5:21 | Create | Villager (Male) |
| 5:32 | Build | Palisade Wall |
| 5:34 | Build | Palisade Wall |
| 5:38 | Build | Palisade Wall |
| 5:47 | Build | Palisade Wall |
| 5:59 | Create | Villager (Male) |
| 5:59 | Create | Villager (Male) |
| 6:22 | Build | House |
| 6:24 | Build | House |
| 7:01 | Create | Villager (Male) |
| 7:30 | Create | Villager (Male) |
| 7:53 | Create | Villager (Male) |
| 7:55 | Build | Mining Camp |
| 8:10 | Create | Villager (Male) |
| 8:22 | Create | Villager (Male) |
| 8:40 | Create | Villager (Male) |
| 9:04 | Create | Villager (Male) |
| 9:18 | Build | Farm |
| 9:48 | Create | Villager (Male) |
| 10:01 | Research | Feudal Age |
| 11:14 | Create | Villager (Male) |
| 11:40 | Create | Villager (Male) |
| 12:00 | Build | Farm |
| 12:03 | Build | Farm |
| 12:05 | Create | Villager (Male) |
| 12:56 | Age | Feudal Age |
| 12:57 | Create | Villager (Male) |
| 13:06 | Create | Villager (Male) |
| 13:20 | Build | Farm |
| 13:23 | Build | House |
| 13:26 | Build | House |
| 13:30 | Build | Market |
| 13:34 | Build | Blacksmith |
| 13:45 | Build | Farm |
| 13:53 | Build | House |
| 13:53 | Build | House |
| 14:28 | Research | Castle Age |
| 14:35 | Build | Farm |
| 14:38 | Build | Farm |
| 14:47 | Build | Barracks |
| 14:54 | Build | Farm |
| 14:56 | Build | Farm |
| 15:03 | Research | Double-Bit Axe |
| 15:31 | Create | Villager (Male) |
| 15:54 | Create | Villager (Male) |
| 16:05 | Build | Archery Range |
| 17:15 | Age | Castle Age |
| 17:15 | Build | House |
| 17:20 | Build | Monastery |
| 17:27 | Build | Siege Workshop |
| 17:29 | Create | Villager (Male) |
| 17:51 | Build | Farm |
| 17:57 | Build | Farm |
| 18:02 | Build | Farm |
| 18:06 | Create | Villager (Male) |
| 18:30 | Create | Skirmisher |
| 18:31 | Create | Skirmisher |
| 18:37 | Build | Watch Tower |
| 18:42 | Create | Mangonel |
| 19:08 | Create | Skirmisher |
| 19:12 | Build | Farm |
| 19:22 | Research | Loom |
| 19:35 | Create | Villager (Male) |
| 19:55 | Create | Mangonel |
| 19:57 | Create | Villager (Male) |
| 19:57 | Create | Villager (Male) |
| 20:08 | Create | Villager (Male) |
| 20:35 | Build | Farm |
| 20:50 | Create | Villager (Male) |
| 20:55 | Create | Villager (Male) |
| 21:14 | Build | Farm |
| 21:15 | Build | Farm |
| 21:26 | Build | Stone Wall |
| 21:31 | Build | Farm |
| 21:47 | Research | Imperial Age |
| 22:05 | Build | Stone Wall |
| 22:17 | Create | Villager (Male) |
| 22:17 | Create | Monk |
| 22:28 | Build | Archery Range |
| 22:46 | Create | Villager (Male) |
| 22:49 | Research | Padded Archer Armor |
| 22:53 | Create | Villager (Male) |
| 23:01 | Create | Skirmisher |
| 23:07 | Research | Gold Mining |
| 23:35 | Build | House |
| 23:37 | Build | House |
| 23:56 | Create | Villager (Male) |
| 24:23 | Create | Villager (Male) |
| 24:42 | Build | Farm |
| 24:53 | Create | Villager (Male) |
| 24:59 | Age | Imperial Age |
| 25:08 | Create | Bombard Cannon |
| 25:08 | Create | Bombard Cannon |
| 25:18 | Create | Hand Cannoneer |
| 25:18 | Create | Hand Cannoneer |
| 25:19 | Create | Villager (Male) |
| 25:37 | Create | Villager (Male) |
| 25:41 | Create | Hand Cannoneer |
| 25:41 | Create | Hand Cannoneer |
| 25:41 | Create | Hand Cannoneer |
| 25:59 | Create | Bombard Cannon |
| 26:22 | Create | Villager (Male) |
| 26:51 | Create | Monk |
| 26:57 | Create | Hand Cannoneer |
| 26:57 | Create | Hand Cannoneer |
| 27:04 | Create | Hand Cannoneer |
| 27:05 | Create | Hand Cannoneer |
| 27:07 | Create | Villager (Male) |
| 27:24 | Create | Hand Cannoneer |
| 27:24 | Create | Hand Cannoneer |
| 27:35 | Build | Farm |
| 27:47 | Create | Hand Cannoneer |
| 27:47 | Create | Hand Cannoneer |
| 27:59 | Create | Hand Cannoneer |
| 28:12 | Create | Bombard Cannon |
| 28:30 | Create | Hand Cannoneer |
| 28:30 | Create | Hand Cannoneer |
| 28:33 | Create | Villager (Male) |
| 28:33 | Create | Villager (Male) |
| 29:31 | Create | Hand Cannoneer |
| 29:31 | Create | Hand Cannoneer |
| 29:47 | Create | Hand Cannoneer |
Build order — JayJotaOfficial
First 150 of 944 actions detected
| 0:00 | Create | Villager (Male) |
| 0:00 | Create | Villager (Male) |
| 0:01 | Create | Villager (Male) |
| 0:02 | Build | House |
| 0:03 | Build | House |
| 0:05 | Create | Villager (Male) |
| 1:19 | Create | Villager (Male) |
| 1:41 | Create | Villager (Male) |
| 2:07 | Create | Villager (Male) |
| 2:16 | Create | Villager (Male) |
| 2:16 | Create | Villager (Male) |
| 2:30 | Create | Villager (Male) |
| 3:28 | Build | Lumber Camp |
| 3:43 | Create | Villager (Male) |
| 3:44 | Create | Villager (Male) |
| 3:44 | Create | Villager (Male) |
| 3:51 | Create | Villager (Male) |
| 3:59 | Create | Villager (Male) |
| 4:12 | Create | Villager (Male) |
| 4:14 | Build | House |
| 4:34 | Create | Villager (Male) |
| 5:30 | Build | Mill |
| 5:51 | Create | Villager (Male) |
| 5:55 | Create | Villager (Male) |
| 6:15 | Create | Villager (Male) |
| 6:19 | Build | House |
| 6:40 | Create | Villager (Male) |
| 7:05 | Create | Villager (Male) |
| 7:29 | Build | Mill |
| 7:32 | Create | Villager (Male) |
| 7:45 | Create | Villager (Male) |
| 8:20 | Build | House |
| 8:24 | Create | Villager (Male) |
| 8:45 | Build | Mining Camp |
| 9:12 | Build | Farm |
| 9:15 | Build | Farm |
| 9:36 | Research | Feudal Age |
| 9:49 | Build | Farm |
| 9:56 | Build | Farm |
| 11:40 | Create | Villager (Male) |
| 11:40 | Create | Villager (Male) |
| 12:11 | Age | Feudal Age |
| 12:15 | Build | Blacksmith |
| 12:18 | Build | Market |
| 12:41 | Build | House |
| 12:44 | Build | House |
| 12:49 | Research | Double-Bit Axe |
| 12:56 | Research | Horse Collar |
| 13:05 | Research | Castle Age |
| 13:05 | Research | Castle Age |
| 13:17 | Build | Barracks |
| 14:14 | Build | House |
| 14:30 | Build | Archery Range |
| 14:31 | Create | Spearman |
| 14:41 | Research | Fletching |
| 14:46 | Research | Gold Mining |
| 15:01 | Create | Spearman |
| 15:16 | Build | House |
| 15:24 | Create | Spearman |
| 15:26 | Create | Archer |
| 15:26 | Create | Archer |
| 15:27 | Create | Archer |
| 15:45 | Age | Castle Age |
| 15:55 | Build | Siege Workshop |
| 15:58 | Create | Archer |
| 15:58 | Create | Villager (Male) |
| 16:16 | Create | Villager (Male) |
| 16:20 | Create | Spearman |
| 16:20 | Create | Villager (Male) |
| 16:31 | Create | Archer |
| 16:46 | Create | Unit 1105 |
| 16:48 | Build | Town Center |
| 16:48 | Create | Villager (Male) |
| 16:52 | Create | Villager (Male) |
| 16:55 | Create | Villager (Male) |
| 16:58 | Create | Villager (Male) |
| 17:01 | Build | Town Center |
| 17:03 | Create | Villager (Male) |
| 17:10 | Create | Villager (Male) |
| 17:21 | Create | Villager (Male) |
| 17:34 | Build | Farm |
| 17:44 | Research | Crossbowman (upgrade) |
| 17:45 | Create | Villager (Male) |
| 17:57 | Create | Battering Ram |
| 17:59 | Create | Villager (Male) |
| 18:02 | Build | Farm |
| 18:06 | Build | Farm |
| 18:09 | Build | Farm |
| 18:11 | Build | Farm |
| 18:12 | Create | Villager (Male) |
| 18:41 | Build | Farm |
| 18:41 | Build | Farm |
| 18:43 | Create | Villager (Male) |
| 18:52 | Create | Villager (Male) |
| 19:07 | Create | Archer |
| 19:09 | Create | Spearman |
| 19:26 | Create | Villager (Male) |
| 19:30 | Create | Villager (Male) |
| 19:44 | Build | Farm |
| 19:52 | Build | Farm |
| 19:54 | Create | Villager (Male) |
| 19:58 | Create | Villager (Male) |
| 20:27 | Create | Spearman |
| 20:28 | Create | Villager (Male) |
| 20:45 | Create | Villager (Male) |
| 20:52 | Create | Villager (Male) |
| 20:55 | Build | Farm |
| 20:56 | Build | Farm |
| 21:08 | Create | Villager (Male) |
| 21:11 | Research | Loom |
| 21:16 | Build | Farm |
| 21:16 | Build | Farm |
| 21:17 | Create | Villager (Male) |
| 21:20 | Build | Farm |
| 21:23 | Build | Farm |
| 21:26 | Create | Villager (Male) |
| 21:28 | Create | Villager (Male) |
| 21:52 | Build | Farm |
| 21:52 | Create | Villager (Male) |
| 21:55 | Build | Farm |
| 21:57 | Create | Villager (Male) |
| 22:05 | Create | Spearman |
| 22:16 | Build | House |
| 22:17 | Create | Villager (Male) |
| 22:21 | Create | Villager (Male) |
| 22:27 | Create | Villager (Male) |
| 22:33 | Research | Town Watch |
| 22:33 | Create | Villager (Male) |
| 22:37 | Build | Farm |
| 22:41 | Create | Villager (Male) |
| 22:42 | Create | Villager (Male) |
| 22:49 | Create | Villager (Male) |
| 22:51 | Build | House |
| 22:54 | Build | House |
| 22:57 | Build | House |
| 22:57 | Create | Villager (Male) |
| 22:59 | Create | Villager (Male) |
| 23:05 | Build | Farm |
| 23:10 | Create | Villager (Male) |
| 23:12 | Create | Villager (Male) |
| 23:15 | Build | Farm |
| 23:23 | Create | Villager (Male) |
| 23:27 | Create | Villager (Male) |
| 23:44 | Create | Villager (Male) |
| 23:49 | Build | Castle |
| 23:51 | Create | Villager (Male) |
| 23:53 | Build | Farm |
| 23:57 | Build | Outpost |
| 23:58 | Build | Outpost |
| 23:59 | Build | Outpost |
Build order — Lokomotive Leipzig
First 150 of 424 actions detected
| 0:01 | Create | Villager (Male) ×4 |
| 0:04 | Build | House |
| 0:06 | Build | House |
| 0:13 | Build | House |
| 1:28 | Create | Villager (Male) |
| 1:56 | Create | Villager (Male) |
| 2:31 | Create | Villager (Male) |
| 2:59 | Create | Villager (Male) |
| 2:59 | Create | Villager (Male) |
| 3:41 | Build | House |
| 3:55 | Build | Mill |
| 4:00 | Create | Villager (Male) |
| 4:00 | Create | Villager (Male) |
| 4:00 | Create | Villager (Male) |
| 4:10 | Build | House |
| 4:10 | Build | House |
| 4:43 | Create | Villager (Male) |
| 4:54 | Build | House |
| 4:57 | Create | Villager (Male) |
| 4:57 | Create | Villager (Male) |
| 5:18 | Build | Lumber Camp |
| 5:26 | Create | Villager (Male) |
| 5:33 | Build | House |
| 5:47 | Create | Villager (Male) |
| 5:48 | Create | Villager (Male) |
| 6:22 | Build | House |
| 6:24 | Build | House |
| 6:30 | Build | Palisade Wall |
| 6:32 | Create | Villager (Male) |
| 6:32 | Create | Villager (Male) |
| 6:50 | Create | Villager (Male) |
| 6:51 | Create | Villager (Male) |
| 7:17 | Create | Villager (Male) |
| 7:24 | Build | Mining Camp |
| 7:35 | Build | Palisade Wall |
| 7:42 | Create | Villager (Male) |
| 7:52 | Create | Villager (Male) |
| 7:56 | Build | House |
| 8:14 | Create | Villager (Male) |
| 8:28 | Build | House |
| 8:49 | Create | Villager (Male) |
| 8:50 | Create | Villager (Male) |
| 9:08 | Build | Mining Camp |
| 9:43 | Research | Feudal Age |
| 10:39 | Create | Villager (Male) |
| 10:39 | Create | Villager (Male) |
| 12:00 | Age | Feudal Age |
| 12:03 | Build | Market |
| 12:10 | Build | Blacksmith |
| 12:56 | Research | Castle Age |
| 14:13 | Research | Double-Bit Axe |
| 14:15 | Research | Horse Collar |
| 14:54 | Build | Farm |
| 14:55 | Build | Farm |
| 14:56 | Build | Farm |
| 15:27 | Build | Farm |
| 15:36 | Age | Castle Age |
| 15:41 | Create | Villager (Male) |
| 15:42 | Create | Villager (Male) |
| 16:02 | Build | Castle |
| 16:18 | Build | Lumber Camp |
| 16:39 | Build | Castle |
| 16:48 | Create | Villager (Male) |
| 16:55 | Build | Farm |
| 16:56 | Build | Farm |
| 16:58 | Build | Farm |
| 17:01 | Build | Farm |
| 17:27 | Build | Lumber Camp |
| 17:51 | Build | Farm |
| 17:52 | Create | Villager (Male) |
| 17:53 | Create | Petard |
| 18:03 | Create | Villager (Male) |
| 18:14 | Create | Organ Gun |
| 18:18 | Create | Petard |
| 18:20 | Create | Villager (Male) |
| 18:37 | Create | Organ Gun |
| 18:38 | Create | Organ Gun |
| 18:54 | Create | Organ Gun |
| 18:56 | Create | Organ Gun |
| 18:58 | Create | Villager (Male) |
| 19:18 | Create | Organ Gun |
| 19:22 | Create | Petard |
| 19:54 | Create | Petard |
| 19:55 | Create | Organ Gun |
| 19:56 | Create | Villager (Male) |
| 20:05 | Build | Farm |
| 20:12 | Build | Farm |
| 20:13 | Build | Farm |
| 20:17 | Create | Villager (Male) |
| 20:43 | Create | Organ Gun |
| 20:44 | Create | Petard |
| 20:47 | Create | Villager (Male) |
| 20:47 | Create | Villager (Male) |
| 21:04 | Create | Petard |
| 21:06 | Create | Organ Gun |
| 21:22 | Create | Organ Gun |
| 21:23 | Create | Petard |
| 21:35 | Build | Farm |
| 21:38 | Create | Villager (Male) |
| 21:50 | Create | Petard |
| 21:52 | Create | Organ Gun |
| 22:01 | Build | Farm |
| 22:02 | Build | Farm |
| 22:08 | Create | Villager (Male) |
| 22:10 | Create | Petard |
| 22:16 | Create | Organ Gun |
| 22:41 | Create | Organ Gun |
| 22:42 | Create | Petard |
| 22:43 | Create | Villager (Male) |
| 22:49 | Build | Farm |
| 22:50 | Build | Farm |
| 22:57 | Create | Organ Gun |
| 22:59 | Create | Organ Gun |
| 23:05 | Create | Villager (Male) |
| 23:15 | Create | Petard |
| 23:16 | Create | Organ Gun |
| 24:18 | Create | Villager (Male) |
| 24:19 | Create | Organ Gun |
| 24:19 | Create | Organ Gun |
| 24:19 | Create | Organ Gun |
| 25:06 | Create | Organ Gun |
| 25:07 | Create | Petard |
| 25:08 | Create | Villager (Male) |
| 25:08 | Create | Villager (Male) |
| 25:08 | Create | Villager (Male) |
| 25:34 | Build | Farm |
| 25:41 | Create | Organ Gun |
| 25:42 | Create | Petard |
| 25:50 | Build | Town Center |
| 26:08 | Create | Petard |
| 26:09 | Create | Petard |
| 26:09 | Create | Petard |
| 26:18 | Create | Organ Gun |
| 26:24 | Create | Villager (Male) |
| 26:26 | Create | Villager (Male) |
| 26:36 | Build | Farm |
| 26:37 | Build | Farm |
| 26:38 | Build | Farm |
| 26:56 | Create | Villager (Male) |
| 27:05 | Build | Farm |
| 27:05 | Build | Farm |
| 27:07 | Build | Farm |
| 27:08 | Build | Farm |
| 27:10 | Build | Farm |
| 27:20 | Build | Farm |
| 27:23 | Create | Villager (Male) |
| 27:23 | Create | Villager (Male) |
| 27:24 | Create | Villager (Male) |
| 27:55 | Build | Farm |
| 27:58 | Create | Villager (Male) |
Build order — SEOANE
First 150 of 211 actions detected
| 0:05 | Build | House |
| 0:06 | Build | House |
| 0:07 | Build | House |
| 0:12 | Create | Villager (Male) ×4 |
| 1:41 | Create | Villager (Male) |
| 2:06 | Create | Villager (Male) |
| 2:06 | Create | Villager (Male) |
| 2:56 | Create | Villager (Male) |
| 2:56 | Create | Villager (Male) |
| 3:35 | Create | Villager (Male) |
| 3:53 | Build | Lumber Camp |
| 4:18 | Create | Villager (Male) |
| 4:18 | Create | Villager (Male) |
| 4:28 | Create | Villager (Male) |
| 4:28 | Create | Villager (Male) |
| 4:28 | Create | Villager (Male) |
| 4:30 | Create | Villager (Male) |
| 5:16 | Create | Villager (Male) ×3 |
| 6:01 | Create | Villager (Male) |
| 6:01 | Create | Villager (Male) |
| 6:08 | Build | House |
| 6:09 | Build | House |
| 6:34 | Create | Villager (Male) |
| 6:35 | Create | Villager (Male) |
| 7:03 | Create | Villager (Male) |
| 7:03 | Create | Villager (Male) |
| 7:35 | Build | Mill |
| 7:39 | Create | Villager (Male) |
| 7:39 | Create | Villager (Male) |
| 8:11 | Build | Mining Camp |
| 9:49 | Build | Mining Camp |
| 10:17 | Research | Feudal Age |
| 11:30 | Build | Mill |
| 12:13 | Build | Farm |
| 12:13 | Build | Farm |
| 12:14 | Build | Farm |
| 12:18 | Build | Farm |
| 12:19 | Build | Farm |
| 12:19 | Build | Farm |
| 13:09 | Age | Feudal Age |
| 13:14 | Build | Market |
| 13:19 | Build | Blacksmith |
| 14:24 | Research | Castle Age |
| 17:04 | Age | Castle Age |
| 17:10 | Build | Castle |
| 17:16 | Research | Wheelbarrow |
| 17:19 | Research | Horse Collar |
| 17:23 | Research | Double-Bit Axe |
| 17:29 | Research | Gold Mining |
| 18:52 | Create | Mameluke ×5 |
| 18:52 | Create | Mameluke ×5 |
| 19:29 | Research | Forging |
| 20:48 | Create | Mameluke ×3 |
| 20:48 | Create | Mameluke ×3 |
| 21:34 | Create | Mameluke ×2 |
| 21:55 | Research | Scale Barding Armor |
| 21:58 | Create | Mameluke |
| 22:31 | Create | Mameluke |
| 25:15 | Build | Farm |
| 25:15 | Build | Farm |
| 25:16 | Build | Farm |
| 25:16 | Build | Farm |
| 25:20 | Create | Mameluke ×5 |
| 25:21 | Create | Mameluke |
| 27:07 | Create | Mameluke ×4 |
| 27:11 | Create | Villager (Male) |
| 27:32 | Research | Hand Cart |
| 27:40 | Build | Farm |
| 27:43 | Create | Villager (Male) |
| 27:56 | Build | Town Center |
| 28:02 | Create | Villager (Male) |
| 28:02 | Create | Villager (Male) |
| 28:02 | Create | Villager (Male) |
| 28:22 | Create | Mameluke |
| 28:22 | Create | Mameluke |
| 31:51 | Create | Mameluke ×5 |
| 31:52 | Create | Mameluke ×5 |
| 31:52 | Create | Mameluke ×3 |
| 32:23 | Create | Mameluke |
| 33:13 | Build | Farm |
| 33:14 | Build | Farm |
| 33:14 | Build | Farm |
| 33:16 | Create | Villager (Male) |
| 33:17 | Create | Villager (Male) |
| 33:17 | Create | Villager (Male) |
| 33:17 | Create | Villager (Male) |
| 33:49 | Build | Farm |
| 34:18 | Build | Farm |
| 34:28 | Create | Mameluke ×5 |
| 34:52 | Build | Farm |
| 34:57 | Create | Villager (Male) |
| 34:57 | Create | Villager (Male) |
| 34:58 | Create | Villager (Male) |
| 34:58 | Create | Villager (Male) |
| 34:58 | Create | Villager (Male) |
| 35:05 | Build | Farm |
| 35:08 | Create | Villager (Male) |
| 35:08 | Create | Villager (Male) |
| 35:08 | Create | Villager (Male) |
| 36:00 | Create | Mameluke ×4 |
| 36:00 | Create | Mameluke ×4 |
| 36:07 | Build | Farm |
| 36:08 | Build | Farm |
| 36:35 | Build | House |
| 36:36 | Build | House |
| 36:37 | Build | House |
| 36:39 | Build | House |
| 36:40 | Build | House |
| 36:41 | Build | House |
| 36:42 | Build | House |
| 38:11 | Create | Villager (Male) |
| 38:11 | Create | Villager (Male) |
| 38:11 | Create | Villager (Male) |
| 38:12 | Create | Villager (Male) |
| 38:12 | Create | Villager (Male) |
| 38:19 | Create | Villager (Male) |
| 38:19 | Create | Villager (Male) |
| 38:20 | Create | Villager (Male) |
| 38:20 | Create | Villager (Male) |
| 38:21 | Create | Villager (Male) |
| 41:39 | Create | Mameluke ×5 |
| 42:22 | Build | Town Center |
| 42:25 | Build | Town Center |
| 42:36 | Create | Mameluke ×5 |
| 42:36 | Create | Mameluke ×5 |
| 43:31 | Build | Farm |
| 43:32 | Build | Farm |
| 43:34 | Build | Farm |
| 43:34 | Build | Farm |
| 43:35 | Build | Farm |
| 43:35 | Build | Farm |
| 43:36 | Build | Farm |
| 43:36 | Build | Farm |
| 43:37 | Build | Farm |
| 43:38 | Build | Farm |
| 43:38 | Build | Farm |
| 43:39 | Build | Farm |
| 44:19 | Create | Mameluke |
| 47:08 | Create | Villager (Male) |
| 47:08 | Create | Villager (Male) |
| 47:08 | Create | Villager (Male) |
| 47:09 | Create | Villager (Male) |
| 47:09 | Create | Villager (Male) |
| 47:09 | Create | Villager (Male) |
| 47:09 | Create | Villager (Male) |
| 47:11 | Create | Villager (Male) |
| 47:11 | Create | Villager (Male) |
| 48:00 | Build | Farm |
| 48:06 | Build | Farm |
| 48:10 | Create | Villager (Male) |
Match timeline
| 5:04 | Dragon · wall_segment Palisade Wall x1 |
| 5:07 | Dragon · wall_segment Palisade Wall x1 |
| 5:09 | Dragon · wall_segment Palisade Wall x1 |
| 5:11 | Dragon · wall_segment Palisade Wall x1 |
| 5:16 | Dragon · wall_segment Palisade Wall x1 |
| 5:17 | Dragon · wall_segment Palisade Wall x1 |
| 5:18 | Dragon · wall_segment Palisade Wall x1 |
| 5:32 | Dragon · wall_segment Palisade Wall x1 |
| 5:34 | Dragon · wall_segment Palisade Wall x1 |
| 5:38 | Dragon · wall_segment Palisade Wall x1 |
| 5:47 | Dragon · wall_segment Palisade Wall x1 |
| 6:30 | Lokomotive Leipzig · wall_segment Palisade Wall x2 |
| 7:35 | Lokomotive Leipzig · wall_segment Palisade Wall x2 |
| 10:38 | NewMaxico · age_up feudal |
| 12:00 | Lokomotive Leipzig · age_up feudal |
| 12:11 | JayJotaOfficial · age_up feudal |
| 12:14 | Kcola · age_up feudal |
| 12:27 | NewMaxico · first_building Barracks |
| 12:56 | Dragon · age_up feudal |
| 13:09 | SEOANE · age_up feudal |
| 13:17 | JayJotaOfficial · first_building Barracks |
| 13:44 | Kcola · first_building Barracks |
| 14:23 | SEOANE · first_market_buy 100 food |
| 14:30 | JayJotaOfficial · first_building Archery Range |
| 14:47 | Dragon · first_building Barracks |
| 15:01 | NewMaxico · age_up castle |
| 15:25 | NewMaxico · first_building Stable |
| 15:36 | Lokomotive Leipzig · age_up castle |
| 15:45 | JayJotaOfficial · age_up castle |
| 15:55 | JayJotaOfficial · first_building Siege Workshop |
| 16:02 | Lokomotive Leipzig · first_building Castle |
| 16:05 | Dragon · first_building Archery Range |
| 16:34 | Kcola · age_up castle |
| 16:37 | Kcola · first_building Siege Workshop |
| 17:04 | SEOANE · age_up castle |
| 17:10 | SEOANE · first_building Castle |
| 17:15 | Dragon · age_up castle |
| 17:17 | NewMaxico · first_building Siege Workshop |
| 17:20 | Dragon · first_building Monastery |
| 17:27 | Dragon · first_building Siege Workshop |
| 20:53 | Kcola · first_market_buy 100 food |
| 21:26 | Dragon · wall_segment Stone Wall x1 |
| 21:38 | Dragon · first_market_sell 100 wood |
| 21:40 | Dragon · first_market_buy 100 food |
| 22:05 | Dragon · wall_segment Stone Wall x1 |
| 23:49 | JayJotaOfficial · first_building Castle |
| 24:34 | JayJotaOfficial · first_market_buy 100 food |
| 24:59 | Dragon · age_up imperial |
| 25:27 | NewMaxico · wall_segment Stone Wall x1 |
| 25:37 | JayJotaOfficial · first_building Stable |
| 27:49 | SEOANE · first_market_sell 100 wood |
| 33:00 | Lokomotive Leipzig · age_up imperial |
| 34:16 | Dragon · first_building Stable |
| 34:51 | NewMaxico · first_building Castle |
| 35:56 | JayJotaOfficial · age_up imperial |
| 36:39 | JayJotaOfficial · wall_segment Stone Wall x1 |
| 41:35 | Lokomotive Leipzig · first_building Siege Workshop |
| 42:21 | JayJotaOfficial · first_market_sell 500 wood |
| 42:49 | Lokomotive Leipzig · first_market_buy 100 wood |
| 43:19 | Kcola · wall_segment Stone Wall x1 |
| 45:29 | Kcola · first_market_sell 100 wood |
| 46:09 | Dragon · first_building Castle |
| 46:15 | Kcola · wall_segment Stone Wall x5 |
| 47:27 | NewMaxico · age_up imperial |
| 47:59 | Lokomotive Leipzig · first_building Barracks |
| 48:54 | Lokomotive Leipzig · first_building Archery Range |
| 49:23 | Lokomotive Leipzig · first_building Monastery |
| 49:31 | SEOANE · first_building Barracks |
| 49:55 | JayJotaOfficial · tribute_sent a jugador 1 |
| 49:55 | JayJotaOfficial · tribute_sent a jugador 2 |
| 49:55 | JayJotaOfficial · tribute_sent a jugador 3 |
| 49:55 | JayJotaOfficial · tribute_sent a jugador 5 |
| 49:55 | JayJotaOfficial · tribute_sent a jugador 6 |
| 52:16 | JayJotaOfficial · tribute_sent a jugador 1 |
| 52:16 | JayJotaOfficial · tribute_sent a jugador 2 |
| 52:16 | JayJotaOfficial · tribute_sent a jugador 3 |
| 52:16 | JayJotaOfficial · tribute_sent a jugador 5 |
| 52:16 | JayJotaOfficial · tribute_sent a jugador 6 |
| 52:51 | SEOANE · first_building Stable |
| 55:41 | JayJotaOfficial · first_building Monastery |
| 56:39 | SEOANE · age_up imperial |
| 57:47 | Kcola · first_building Castle |
| 58:15 | JayJotaOfficial · wall_segment Stone Wall x1 |
| 58:15 | JayJotaOfficial · wall_segment Stone Wall x1 |
| 59:43 | Kcola · age_up imperial |
| 59:54 | Dragon · wall_segment Stone Wall x1 |
| 59:55 | Dragon · wall_segment Stone Wall x1 |
| 59:56 | Dragon · wall_segment Stone Wall x1 |
| 64:02 | NewMaxico · first_market_sell 100 food |
| 64:30 | JayJotaOfficial · resign |
[ AI ANALYSIS · 1 CREDIT ]
What really happened in this match?
Wolo.gg analyzes every decision: build order, eco, micro, common mistakes by bracket. Personalized analysis on WhatsApp or Discord in 30 seconds.
Civ guide
Romans
Perfil
Jugador #2334646